 Dungeon Crawl Stone Soup version 0.21.1-1-g345015fe64 (webtiles) character file.

1677724 Imdi the Conqueror (level 27, 249/249 HPs)
             Began as a Formicid Fighter on Mar 5, 2018.
             Was the Champion of Okawaru.
             Escaped with the Orb
             ... and 3 runes on Mar 6, 2018!
             The game lasted 08:40:46 (77879 turns).

Imdi the Conqueror (Formicid Fighter)              Turns: 77879, Time: 08:40:46

Health: 249/249    AC: 44    Str: 43    XL:     27
Magic:  21/21      EV: 20    Int:  8    God:    Okawaru [******]
Gold:   7274       SH: 36    Dex: 10    Spells: 26/26 levels left

rFire    + + .     SeeInvis +   k - +9 battleaxe (vamp)
rCold    + + .     Gourm    .   C - +10 large shield of Ignorance {rN+ Int-4}
rNeg     + . .     Faith    .   U - +11 crystal plate armour
rPois    +         Spirit   .   (helmet unavailable)
rElec    +         Reflect  +   T - scarf {rC+ rF+}
rCorr    .         Harm     .   H - -4 pair of gloves "Uraemaoq" {rElec MP-9 Dex+3}
MR       +++..                  A - +2 pair of boots {run}
Stlth    ..........             W - amulet of the Queen {Reflect Str+9 Int-2 Dex-3 SH+2 SInv}
HPRegen  0.51/turn              z - ring of protection from magic
MPRegen  0.17/turn              o - ring "Roplaj" {+Blink rPois rF+ rC+ Str+4}

@: quick
A: permanent stasis, dig shafts and tunnels, four strong arms, antennae 3,
strong 1, MP-powered wands
0: Orb of Zot
}: 3/15 runes: decaying, silver, gossamer
a: Dig, Shaft Self, Heroism, Finesse, Renounce Religion


You escaped.
You worshipped Okawaru.
Okawaru was exalted by your worship.
You were full.

You visited 10 branches of the dungeon, and saw 50 of its levels.
You also visited: Trove.

You collected 7962 gold pieces.
You spent 688 gold pieces at shops.

Inventory:

Hand Weapons
 k - a +9 vampiric battleaxe (weapon)
Missiles
 q - 5 throwing nets (quivered)
Armour
 t - a +2 cloak of magic resistance
 A - a +2 pair of boots of running (worn)
 C - the +10 large shield of Ignorance (worn) {rN+ Int-4}
   (You took it off Louise on level 2 of the Swamp)

   It affects your intelligence (-4).
   It protects you from negative energy.
 H - the -4 pair of gloves "Uraemaoq" (worn) {rElec MP-9 Dex+3}
   (Okawaru gifted it to you on level 14 of the Dungeon)

   It affects your dexterity (+3).
   It insulates you from electricity.
   It affects your magic capacity (-9).
 T - a scarf of resistance (worn)
 U - a +11 crystal plate armour (worn)
Jewellery
 n - a +5 ring of protection
 o - the ring "Roplaj" (right hand) {+Blink rPois rF+ rC+ Str+4}
   (You took it off a tengu reaver on level 5 of the Vaults)

   [ring of protection from fire]

   It affects your strength (+4).
   It protects you from fire.
   It protects you from cold.
   It protects you from poison.
   It lets you blink.
 w - the ring of Cuir {rC+ Dex+5}
   (You acquired it on level 3 of the Vaults)

   [ring of protection from cold]

   It affects your dexterity (+5).
   It protects you from cold.
 y - an uncursed ring of protection from cold
 z - a ring of protection from magic (left hand)
 B - an uncursed ring of stealth {unknown}
 J - the ring of Qoucoss {rCorr Slay+2}
   (You took it off a vampire mage on level 1 of the Vaults)

   [ring of resist corrosion]

   It affects your accuracy and damage with ranged weapons and melee attacks
   (+2).
 P - the ring of Incredulity {*Corrode rF+ MP+9 Int+7 SInv}
   (You acquired it on level 4 of the Vaults)

   [ring of magical power]

   It affects your intelligence (+7).
   It protects you from fire.
   It affects your magic capacity (+9).
   It lets you see invisible.
   It may corrode you when you take damage.
 S - an uncursed ring of poison resistance
 W - the amulet of the Queen (around neck) {Reflect Str+9 Int-2 Dex-3 SH+2 SInv}
   (You found it on level 1 of the Lair of Beasts)

   [amulet of reflection]

   It shields you and reflects attacks.
   It affects your strength (+9).
   It affects your intelligence (-2).
   It affects your dexterity (-3).
   It lets you see invisible.
   It affects your SH (+2).
Wands
 c - a wand of clouds (5)
 s - a wand of acid (37)
 u - a wand of flame (105)
 v - a wand of scattershot (15)
 L - a wand of disintegration (74) {@e8}
 N - a wand of enslavement (23)
 V - a wand of digging (32)
Scrolls
 e - a scroll of silence
 l - 2 scrolls of fear
 m - 4 scrolls of magic mapping
 p - 11 scrolls of immolation
 x - a scroll of enchant armour
 E - 3 scrolls of summoning
 I - 9 scrolls of identify {@r1}
 K - a scroll of holy word
 M - 2 scrolls of brand weapon
 R - 25 scrolls of remove curse {@r2}
 X - 4 scrolls of fog
Potions
 a - a potion of agility
 d - 7 potions of might
 g - 7 potions of cancellation
 h - 9 potions of curing {@q1}
 i - 8 potions of flight
 j - 3 potions of heal wounds
 F - a potion of resistance
Books
 r - a book of Clouds

   Spells                             Type                      Level
   a - Poisonous Vapours              Poison/Air                   2
   b - Mephitic Cloud                 Conjuration/Poison/Air       3
   c - Conjure Flame                  Conjuration/Fire             3
   d - Freezing Cloud                 Conjuration/Ice/Air          6
   e - Ring of Flames                 Charms/Fire                  7
 D - a book of the Tempests

   Spells                             Type                      Level
   a - Static Discharge               Conjuration/Air              3
   b - Lightning Bolt                 Conjuration/Air              5
   c - Ignition                       Fire                         8
   d - Tornado                        Air                          9
   e - Shatter                        Earth                        9
 Q - a manual of Fighting
 Z - Roxanne's Almanac of Shifting Clay
   (You found it on level 5 of the Vaults)

   Spells                             Type                      Level
   a - Sandblast                      Earth                        1
   b - Beastly Appendage              Transmutation                1
   c - Leda's Liquefaction            Hexes/Earth                  4
   d - Petrify                        Transmutation/Earth          4
   e - Bolt of Magma                  Conjuration/Fire/Earth       5
   f - Yara's Violent Unravelling     Hexes/Transmutation          5
Comestibles
 f - 45 rations {@e8}


   Skills:
 O Level 27 Fighting
 - Level 15.0 Axes
 O Level 27 Armour
 + Level 25.6 Dodging
 - Level 4.0 Stealth
 - Level 15.0 Shields
   Level 2.1 Summonings
 - Level 10.0 Invocations


You had 26 spell levels left.
You didn't know any spells.

Dungeon Overview and Level Annotations

Branches:
Dungeon (15/15)            Temple (1/1) D:4            Lair (6/6) D:9
  Swamp (4/4) Lair:4       Spider (4/4) Lair:3        Slime (0/5) Lair:6
    Orc (2/2) D:12            Elf (3/3) Orc:2        Vaults (5/5) D:13
  Crypt (0/3) Vaults:2     Depths (5/5) D:15            Zot (5/5) Depths:5

Altars:
Ashenzari
Cheibriados
Dithmenos
Elyvilon
Fedhas
Gozag
Hepliaklqana
Kikubaaqudgha
Makhleb
Nemelex Xobeh
Okawaru
Qazlal
Ru
Sif Muna
Trog
Uskayaw
Vehumet
Wu Jian
Xom
Yredelemnul
Zin
The Shining One
Beogh

Shops:
D:4 [   D:10 [   D:12 !   D:14 (   Orc:2 [=%(   Elf:1 [   Elf:3 %*   Vaults:1 %
Vaults:4 (   Depths:1 }==

Portals:
Hell: Depths:1 Depths:2 Depths:3 Depths:4 Depths:5
Abyss: Depths:4
Pandemonium: Depths:2 Depths:3 Depths:5
Ziggurat: Depths:3

Annotations:
D:4 Robin
Lair:4 exclusion: downstairs
Spider:3 exclusion: downstairs
Elf:2 5 runed doors, exclusion: door
Depths:2 exclusions: obsidian statue and 1 more exclusion
Zot:2 1 runed door


Innate Abilities, Weirdness & Mutations

You cannot be hasted, slowed, berserked, paralysed or teleported.
You can dig through walls and to a lower floor.
Your four strong arms can wield two-handed weapons with a shield.
You have a pair of large antennae on your head. (SInv)
Your muscles are strong. (Str +2)
You expend magic power (3 MP) to strengthen your wands.


Message History

You block the orange demon's attack. x2
You slash the orange demon!
The orange demon is moderately wounded.
You block the orange demon's attack. x2
You slash the orange demon!
The orange demon is severely wounded.
You block the orange demon's attack. x2
You slash the orange demon!
The orange demon is almost dead.
You block the orange demon's attack.
The orange demon hits you but does no damage.
You barely miss the orange demon.
The orange demon is almost dead.
You block the orange demon's attack. x2
You slice the orange demon!!
You kill the orange demon!
Okawaru accepts your kill.
There is a staircase leading out of the dungeon here.
Unknown command.
You have escaped!

...........## ##[..........
#.####......## ##.(....####.#
#..# ##......## ##......##
#..# ##.## ##......##
##......## ##.## #..##
##......###......## ##..##
##..## ##......#......##
##..### ##..##
##...........## ##..## #
##..## ##.....(...##
##..#####
##..#####...@...#####..##....
##...####.....####...###.###
###...###...###...### #.#
###...........### #.#
############# #.# #.# #.#
#.### #....


There were no monsters in sight!

Vanquished Creatures
  6 ancient liches (Zot:5)
  4 orbs of fire
  2 juggernauts
  Boris (Depths:3)
  Sojobo (Depths:4)
  Bai Suzhen (Depths:2)
  the Lernaean hydra (Swamp:4)
  A curse toe (Zot:5)
  5 caustic shrikes (Depths:4)
  Saint Roka (Depths:4)
  4 Killer Klowns (Zot:5)
  Xtahua (Depths:3)
  14 golden dragons
  4 electric golems
  An Ice Fiend (Zot:1)
  18 tentacled monstrosities
  Jorgrun (Vaults:1)
  Rupert (Spider:1)
  The ghost of hofbold the Deadly Accurate, an adept GnGl of Hepliaklqana (Vaults:4)
  29 Orb Guardians
  A deep elf master archer (Elf:3)
  5 liches
  7 titans
  5 quicksilver dragons
  2 deep elf blademasters (Elf:3)
  11 death cobs
  Kirke (Spider:1)
  8 sphinxes
  7 tengu reavers
  12 shadow dragons
  2 thorn hunters
  Donald (Spider:4)
  4 draconian monks
  17 storm dragons
  8 deep elf sorcerers
  16 fire giants
  21 frost giants
  An iron dragon (Vaults:5)
  11 ghost moths
  Aizul (Depths:2)
  3 emperor scorpions
  5 draconian knights
  6 draconian scorchers
  29 vault wardens
  9 draconian shifters
  4 orc warlords
  4 draconian stormcallers
  6 deep elf elementalists
  Louise (Swamp:2)
  9 draconian annihilators
  3 war gargoyles
  16 ironheart preservers
  2 spriggan defenders
  18 very ugly things
  14 stone giants
  11 deep elf demonologists
  6 entropy weavers
  13 deep elf annihilators
  10 green draconians
  6 black draconians
  13 yellow draconians
  18 white draconians
  8 red draconians
  8 spark wasps
  7 purple draconians
  Snorg (Lair:5)
  7 large abominations
  22 ettins
  7 deep elf death magi
  18 fire dragons
  14 yaktaur captains
  2 jiangshi (Depths:4)
  6 deep elf high priests
  20 ogre magi
  4 great orbs of eyes
  9 spriggan air magi
  38 vault guards
  31 hydras
  14 ice dragons
  2 rakshasas
  2 death knights
  7 centaur warriors
  54 two-headed ogres
  A catoblepas (Lair:6)
  A two-headed ogre (shapeshifter) (Vaults:5)
  3 death yaks (Lair:6)
  8 alligators
  4 vampire magi
  11 deep troll shamans
  6 tengu warriors
  9 deep troll earth magi
  10 dancing weapons
  6 spriggan berserkers
  3 sun demons
  15 deep elf knights
  7 hell knights
  2 soul eaters (Depths:2)
  3 orc high priests (Orc:2)
  2 skeletal warriors
  A sixfirhy (D:10)
  A fire crab (shapeshifter) (Vaults:3)
  4 iron trolls
  4 shadow wraiths
  A death drake (shapeshifter) (Vaults:5)
  An entropy weaver zombie (Vaults:2)
  A deep troll (shapeshifter) (Elf:2)
  2 unseen horrors
  28 deep trolls
  A spriggan druid (Swamp:3)
  A storm dragon skeleton (Vaults:4)
  4 wizards
  5 flayed ghosts
  A shadow demon (Depths:2)
  9 swamp dragons
  8 deep elf archers
  3 glowing orange brains
  A lindwurm (Lair:6)
  55 deep elf magi
  A swamp dragon (shapeshifter) (D:15)
  16 ironbrand convokers
  A harpy (shapeshifter) (Vaults:3)
  7 necromancers
  4 harpies (Vaults:2)
  A sphinx zombie (Vaults:3)
  35 wolf spiders
  A faun (shapeshifter) (Vaults:3)
  A phantasmal warrior (Vaults:5)
  9 orc sorcerers
  21 orc knights
  A frost giant zombie (Vaults:2)
  30 ugly things
  5 cyclopes
  A manticore (D:15)
  A fire giant zombie (Vaults:3)
  16 orb spiders
  A wolf spider (shapeshifter) (Vaults:5)
  A tengu skeleton (Vaults:2)
  18 moths of wrath
  10 vault sentinels
  A shining eye (shapeshifter) (Vaults:4)
  Maurice (D:12)
  5 elephants (Lair:6)
  A black mamba (shapeshifter) (Vaults:3)
  2 stone giant zombies
  3 rust devils
  A guardian serpent (Lair:6)
  8 black mambas
  A frost giant skeleton (Vaults:2)
  A naga mage (D:15)
  4 orange demons
  A torpor snail (Spider:4)
  A gargoyle (D:7)
  29 spiny frogs
  2 rime drakes (Lair:6)
  An entropy weaver simulacrum (Vaults:2)
  13 freezing wraiths
  A komodo dragon (shapeshifter) (Vaults:2)
  A yaktaur (shapeshifter) (Vaults:4)
  11 demonic crawlers
  3 komodo dragons
  54 yaktaurs
  A merfolk (D:15)
  4 human skeletons
  9 small abominations
  A tengu conjurer (Depths:4)
  20 jumping spiders
  6 meliai
  15 trolls
  3 polar bears
  8 tyrant leeches
  2 meliai (shapeshifter)
  20 hornets
  36 slime creatures
  6 bog bodies
  2 dream sheep (Lair:6)
  19 blink frogs
  A blink frog (shapeshifter) (Depths:3)
  14 hippogriffs
  A meliai zombie (D:13)
  Sigmund (D:5)
  10 air elementals
  A redback (shapeshifter) (Depths:4)
  An ettin skeleton (Vaults:4)
  11 spriggans
  2 shadows (D:15)
  79 redbacks
  22 yaks
  2 water elementals (Depths:1)
  A tarantella (shapeshifter) (Depths:2)
  21 tarantellas
  9 wyverns
  7 wraiths
  6 basilisks
  4 hogs (Spider:1)
  20 humans (D:13)
  4 hungry ghosts
  A human (shapeshifter) (Vaults:2)
  A basilisk (shapeshifter) (Depths:4)
  A yak (shapeshifter) (Depths:2)
  2 yaktaur simulacra (Vaults:1)
  4 fire elementals
  A neqoxec (Depths:5)
  2 chaos spawn
  20 vampire mosquitoes
  12 wargs
  Grum (D:10)
  Edmund (D:5)
  14 swamp worms
  5 insubstantial wisps
  An acid dragon (Vaults:1)
  A swamp worm (shapeshifter) (Vaults:5)
  20 water moccasins
  4 hell hounds (Zot:5)
  10 porcupines
  2 floating eyes
  2 sky beasts
  19 swamp drakes
  62 orc warriors
  An eye of draining (D:12)
  3 black bears
  4 ice beasts
  2 necrophages
  2 phantoms
  An ogre (shapeshifter) (Vaults:1)
  49 ogres
  15 boggarts
  3 human zombies
  6 wolves
  The ghost of mora the Insei, an amateur MfTm (D:4)
  28 centaurs
  12 crocodiles
  Blork the orc (D:6)
  17 bullfrogs
  A wyvern zombie (D:14)
  6 wyvern skeletons
  A scorpion (D:6)
  A troll zombie (D:12)
  3 killer bees (D:11)
  19 wights
  3 howler monkeys
  An electric eel (Lair:4)
  12 crimson imps
  A bullfrog zombie (D:9)
  5 quasits
  2 gnoll shamans
  2 centaur zombies
  7 hounds
  4 iron imps (Depths:2)
  A jelly (shapeshifter) (Depths:2)
  6 jellies
  5 centaur skeletons
  40 orc priests
  A bullfrog skeleton (D:12)
  28 orc wizards
  Crazy Yiuf (D:2)
  4 iguanas
  A hell rat (Lair:6)
  14 worker ants
  8 ogre zombies
  A hound zombie (D:8)
  A hound skeleton (D:6)
  2 worker ant zombies
  9 adders
  14 gnolls
  6 shadow imps
  5 white imps
  3 oozes
  2 adder skeletons
  4 worms (D:2)
  A dart slug (D:2)
  8 leopard geckos
  154 orcs
  A ball python (D:2)
  10 bats
  5 giant cockroaches
  11 goblins
  5 hobgoblins
  6 jackals
  7 quokkas
  8 frilled lizards
  A hobgoblin skeleton (D:12)
  3 hobgoblin zombies (D:12)
  7 kobolds
  6 orc skeletons
  17 orc zombies (D:12)
  A quokka skeleton (D:5)
  5 rats
  13 crawling corpses
  3 fungi
  10 plants
2479 creatures vanquished.

Vanquished Creatures (collateral kills)
  A hydra (Swamp:4)
  An orc high priest (Orc:2)
  A swamp dragon (Swamp:4)
3 creatures vanquished.

Vanquished Creatures (others)
  A pandemonium lord (Zot:5)
  A deep elf master archer (Elf:3)
  A fire giant (Depths:4)
  A frost giant (Depths:4)
  A stone giant (Depths:2)
  An ironheart preserver (Vaults:4)
  A black draconian (Zot:2)
  2 yaktaur captains
  3 centaur warriors
  A spriggan air mage (Depths:5)
  A spriggan druid (Swamp:1)
  A necromancer (Vaults:1)
  6 deep elf archers
  7 deep elf magi
  22 yaktaurs
  A jumping spider (Spider:1)
  A tyrant leech (Swamp:1)
  A water elemental (Elf:2)
  A human (Spider:1)
  2 orc warriors
  2 ogres
  2 boggarts
  3 centaurs
  13 fungi
  5 plants
81 creatures vanquished.

Grand Total: 2563 creatures vanquished

Notes
Turn   | Place    | Note
-------+----------+-------------------------------------------
     0 | D:1      | Imdi the Formicid Fighter began the quest for the Orb.
     0 | D:1      | Reached XP level 1. HP: 18/18 MP: 1/1
   202 | D:1      | Reached XP level 2. HP: 24/24 MP: 2/2
   312 | D:1      | Found a snail-covered altar of Cheibriados.
   847 | D:1      | Reached XP level 3. HP: 29/29 MP: 3/3
  1556 | D:2      | Reached XP level 4. HP: 37/37 MP: 4/4
  1652 | D:2      | Found a faded altar of an unknown god.
  1960 | D:2      | Found a runed door.
  2047 | D:2      | You fall through a shaft for 2 floors!
  2051 | D:4      | Reached XP level 5. HP: 42/42 MP: 5/5
  2108 | D:4      | Found a staircase to the Ecumenical Temple.
  2119 | Temple   | Entered the Ecumenical Temple
  2131 | Temple   | Became a worshipper of Warmaster Okawaru
  2453 | D:4      | Noticed Robin
  2698 | D:3      | Found a shadowy altar of Dithmenos.
  2785 | D:2      | Noticed Crazy Yiuf
  2793 | D:2      | Killed Crazy Yiuf
  4224 | D:4      | Noticed mora's ghost (amateur MfTm)
  4241 | D:4      | Killed mora's ghost
  4241 | D:4      | Reached XP level 6. HP: 26/49 MP: 6/6
  4557 | D:4      | Reached skill level 5 in Shields
  4582 | D:4      | Reached XP level 7. HP: 50/55 MP: 7/7
  4667 | D:4      | Found Kuelonen's Armour Shoppe.
  4920 | D:5      | Entered Level 5 of the Dungeon
  5449 | D:5      | Reached * piety under Okawaru
  5449 | D:5      | Reached skill level 5 in Axes
  5573 | D:4      | Reached skill level 5 in Armour
  5607 | D:5      | Reached skill level 5 in Fighting
  6092 | D:5      | Reached XP level 8. HP: 62/62 MP: 5/8
  6141 | D:5      | Reached skill level 1 in Invocations
  6281 | D:5      | Noticed Sigmund
  6300 | D:5      | Killed Sigmund
  6385 | D:5      | Noticed Edmund
  6408 | D:5      | Killed Edmund
  6775 | D:6      | Reached ** piety under Okawaru
  6775 | D:6      | Reached XP level 9. HP: 69/69 MP: 7/11
  7224 | D:6      | Noticed Blork the orc
  7247 | D:6      | Killed Blork the orc
  7369 | D:6      | Reached skill level 1 in Stealth
  7448 | D:6      | Reached *** piety under Okawaru
  7770 | D:7      | Noticed a hippogriff
  7782 | D:7      | Killed a hippogriff
  7817 | D:7      | Reached XP level 10. HP: 76/77 MP: 13/13
  8110 | D:7      | Noticed a gargoyle
  8394 | D:7      | Noticed a gargoyle
  8462 | D:8      | Reached skill level 5 in Invocations
  8476 | D:8      | Reached **** piety under Okawaru
  9667 | D:9      | Found a staircase to the Lair.
  9706 | D:9      | Reached ***** piety under Okawaru
  9707 | D:9      | Reached XP level 11. HP: 59/85 MP: 12/15
  9962 | D:9      | Found an opulent altar of Gozag.
 10120 | D:9      | Noticed a two-headed ogre
 10130 | D:9      | Killed a two-headed ogre
 10311 | D:10     | Entered Level 10 of the Dungeon
 10327 | D:10     | Noticed a two-headed ogre
 10377 | D:7      | Reached skill level 10 in Axes
 10500 | D:4      | Bought a +2 pair of boots of stealth for 301 gold pieces
 10977 | D:4      | Found a staircase to the Ecumenical Temple.
 10985 | D:4      | Found a staircase to the Ecumenical Temple.
 11321 | D:4      | Found Kuelonen's Armour Shoppe.
 12630 | Lair:1   | Entered Level 1 of the Lair of Beasts
 12630 | Lair:1   | Noticed a six-headed hydra
 12803 | D:3      | Found a shadowy altar of Dithmenos.
 13711 | D:10     | Found Lociaquko's Antique Armour Emporium.
 13760 | D:10     | Killed a two-headed ogre
 14077 | D:10     | Noticed Grum
 14099 | D:10     | Killed Grum
 14216 | D:10     | Noticed a two-headed ogre
 14235 | D:10     | Killed a two-headed ogre
 14439 | D:10     | Received a gift from Okawaru
 14662 | D:11     | Noticed a two-headed ogre
 14674 | D:11     | Killed a two-headed ogre
 14674 | D:11     | Reached XP level 12. HP: 77/95 MP: 15/17
 14753 | D:11     | Noticed Sonja
 14755 | D:11     | Noticed Sonja
 14755 | D:11     | Sonja changed into Sonja the black bear
 14760 | D:11     | Killed Sonja the black bear
 15198 | D:11     | Got an agate-encrusted scale mail
 15211 | D:11     | Identified the +2 scale mail "Alupyh" {rN+} (You found it on level 11 of the Dungeon)
 15249 | D:11     | Noticed an unseen horror
 15262 | D:11     | Killed an unseen horror
 15403 | D:11     | Noticed a two-headed ogre
 15413 | D:11     | Killed a two-headed ogre
 15413 | D:11     | Received a gift from Okawaru
 15416 | D:11     | Got a slimy longbow {god gift}
 15420 | D:11     | Identified the +0 longbow of Massacring {speed, Fragile +Inv rN+} (Okawaru gifted it to you on level 11 of the Dungeon)
 15690 | D:11     | Found a radiant altar of Vehumet.
 16294 | D:12     | Noticed Maurice
 16316 | D:12     | Killed Maurice
 16487 | D:12     | Found Iloshane's Distillery.
 16510 | D:12     | Found a staircase to the Orcish Mines.
 16581 | D:12     | Bought a potion of heal wounds for 75 gold pieces
 16581 | D:12     | Bought a potion of heal wounds for 75 gold pieces
 16904 | D:12     | Reached skill level 10 in Armour
 17852 | Orc:1    | Entered Level 1 of the Orcish Mines
 17852 | Orc:1    | Noticed an orc warlord
 17865 | D:12     | Received a gift from Okawaru
 17865 | D:12     | Reached skill level 10 in Fighting
 18599 | Lair:1   | Killed a six-headed hydra
 18602 | Lair:1   | Reached XP level 13. HP: 67/103 MP: 11/20
 19216 | Lair:1   | Got a clouded pewter amulet
 19233 | Lair:1   | Identified the amulet of the Queen {Reflect Str+9 Int-2 Dex-3 SH+2 SInv} (You found it on level 1 of the Lair of Beasts)
 20472 | Lair:3   | Noticed a six-headed hydra
 20482 | Lair:3   | Killed a six-headed hydra
 20482 | Lair:3   | Reached skill level 10 in Invocations
 20549 | Lair:3   | Found a hole to the Spider Nest.
 20828 | Lair:3   | Received a gift from Okawaru
 21218 | Lair:3   | Received a gift from Okawaru
 21685 | Lair:3   | Noticed a four-headed hydra
 21703 | Lair:3   | Killed a four-headed hydra
 22342 | Lair:4   | Found a staircase to the Swamp.
 22754 | Lair:4   | Received a gift from Okawaru
 23664 | Lair:5   | Noticed a six-headed hydra
 23672 | Lair:5   | Noticed a seven-headed hydra
 23683 | Lair:4   | Reached XP level 14. HP: 103/113 MP: 21/21
 23835 | Lair:5   | Noticed Snorg
 23850 | Lair:5   | Killed Snorg
 25466 | Swamp:1  | Entered Level 1 of the Swamp
 25961 | Swamp:1  | Received a gift from Okawaru
 25970 | Swamp:1  | Got a faintly glowing battleaxe {god gift}
 25971 | Swamp:1  | Identified the +1 battleaxe "Xostruiso" {elec, rN++} (Okawaru gifted it to you on level 1 of the Swamp)
 26732 | Swamp:2  | Noticed a thorn hunter
 26742 | Swamp:2  | Killed a thorn hunter
 26742 | Swamp:2  | Reached skill level 1 in Dodging
 26956 | Swamp:2  | Noticed Louise
 26975 | Swamp:2  | Killed Louise
 27016 | Swamp:2  | Reached skill level 15 in Axes
 27575 | Swamp:2  | Reached ****** piety under Okawaru
 27685 | Swamp:2  | Reached XP level 15. HP: 112/122 MP: 22/22
 28401 | Swamp:3  | Reached skill level 10 in Shields
 28460 | Swamp:3  | Received a gift from Okawaru
 28801 | Swamp:3  | Noticed a thorn hunter
 28810 | Swamp:3  | Killed a thorn hunter
 28826 | Swamp:3  | Reached skill level 5 in Dodging
 29609 | Spider:1 | Entered Level 1 of the Spider Nest
 29622 | Spider:1 | Received a gift from Okawaru
 30379 | Spider:1 | Noticed Kirke
 30403 | Spider:1 | Received a gift from Okawaru
 30428 | Spider:1 | Noticed a sphinx
 30437 | Spider:1 | Killed Kirke
 30529 | Spider:1 | Reached XP level 16. HP: 127/134 MP: 23/23
 30616 | Spider:1 | Noticed Rupert
 30651 | Spider:1 | Killed Rupert
 31386 | Spider:2 | Received a gift from Okawaru
 31389 | Spider:2 | Got a pair of ancient boots {god gift}
 31405 | Spider:2 | Identified the +1 pair of boots of Jaesee {Dex+3} (Okawaru gifted it to you on level 2 of the Spider Nest)
 31558 | Spider:2 | Reached skill level 15 in Fighting
 33467 | Spider:4 | Entered Level 4 of the Spider Nest
 34358 | D:13     | Identified the Disquisition on Congealing Displacement
 34545 | D:13     | Identified 2 scrolls of acquirement
 34986 | D:13     | Found a gate to the Vaults.
 35063 | D:14     | Reached XP level 17. HP: 123/143 MP: 24/24
 35195 | D:14     | Found Lakipinu's Antique Weapon Shop.
 35578 | D:14     | Received a gift from Okawaru
 35581 | D:14     | Got a pair of smoking gloves {god gift}
 35593 | D:14     | Identified the -4 pair of gloves "Uraemaoq" {rElec MP-9 Dex+3} (Okawaru gifted it to you on level 14 of the Dungeon)
 35710 | D:14     | Found the +2 hat of the Bear Spirit {Spirit, +Rage rN+ MR++}
 35913 | D:15     | Entered Level 15 of the Dungeon
 36335 | D:15     | Found a staircase to the Depths.
 36679 | D:15     | Reached skill level 15 in Shields
 36711 | D:15     | Found the +12 glaive of Prune {chop}
 37304 | Orc:2    | Entered Level 2 of the Orcish Mines
 37591 | Orc:2    | Found Datrusod's Antique Weapon Boutique.
 37619 | Orc:2    | Found a roughly hewn altar of Beogh.
 37707 | Orc:2    | Found Buwk's Food Shop.
 38011 | Orc:2    | Found a staircase to the Elven Halls.
 38322 | Orc:2    | Found Imash's Antique Armour Emporium.
 38400 | Orc:2    | Found Fip Hucw's Jewellery Boutique.
 38406 | Orc:2    | Found a roughly hewn altar of Beogh.
 39648 | Lair:6   | Entered Level 6 of the Lair of Beasts
 39778 | Lair:6   | Found a staircase to the Slime Pits.
 39862 | Lair:6   | Reached XP level 18. HP: 154/154 MP: 25/25
 40195 | Lair:6   | Reached skill level 10 in Dodging
 40430 | Lair:6   | Received a gift from Okawaru
 41104 | Swamp:4  | Entered Level 4 of the Swamp
 41290 | Swamp:4  | Received a gift from Okawaru
 42105 | Swamp:4  | Noticed the 27-headed Lernaean hydra
 42119 | Swamp:4  | Killed the 27-headed Lernaean hydra
 42189 | Swamp:4  | Got a decaying rune of Zot
 42429 | Spider:4 | Noticed Donald
 42465 | Spider:4 | Killed Donald
 42780 | Spider:4 | Received a gift from Okawaru
 42902 | Spider:4 | Reached XP level 19. HP: 160/165 MP: 0/26
 43518 | Spider:4 | Reached skill level 15 in Armour
 44133 | Spider:4 | Got a gossamer rune of Zot
 44549 | Vaults:1 | Entered Level 1 of the Vaults
 44561 | Vaults:1 | Found Jeopnav's Food Emporium.
 44632 | Vaults:1 | Received a gift from Okawaru
 44764 | Vaults:1 | Got a smoking bone ring
 44835 | Vaults:1 | Identified the ring of Qoucoss {rCorr Slay+2} (You took it off a vampire mage on level 1 of the Vaults)
 45279 | Vaults:1 | Reached XP level 20. HP: 176/176 MP: 27/27
 45626 | Vaults:1 | Received a gift from Okawaru
 45926 | Vaults:1 | Noticed Jorgrun
 45942 | Vaults:1 | Killed Jorgrun
 46045 | Vaults:1 | Found a portal to a secret trove of treasure.
 46458 | Vaults:2 | Found a staircase to the Crypt.
 46458 | Vaults:2 | Found an ancient bone altar of Kikubaaqudgha.
 46459 | Vaults:2 | Found a basalt altar of Yredelemnul.
 47648 | Vaults:3 | Got a vibrating turquoise ring
 47655 | Vaults:3 | Got a fine brass ring
 47668 | Vaults:3 | Identified the ring of Culointe {Str+2 SInv} (You acquired it on level 3 of the Vaults)
 47673 | Vaults:3 | Identified the ring of Cuir {rC+ Dex+5} (You acquired it on level 3 of the Vaults)
 47795 | Vaults:3 | Reached XP level 21. HP: 184/184 MP: 28/28
 47802 | Vaults:3 | Received a gift from Okawaru
 47898 | Vaults:3 | Received a gift from Okawaru
 49398 | Vaults:4 | Noticed hofbold's ghost (adept GnGl)
 49400 | Vaults:4 | Received a gift from Okawaru
 49421 | Vaults:4 | Killed hofbold's ghost
 49669 | Vaults:4 | Reached XP level 22. HP: 147/194 MP: 29/29
 49944 | Vaults:4 | Found Vituiz's Antique Weapon Shop.
 50783 | Depths:1 | Entered Level 1 of the Depths
 50783 | Depths:1 | Found a gateway to Hell.
 50829 | Depths:1 | Received a gift from Okawaru
 50955 | Depths:1 | Found Vaemots's Jewellery Shop.
 50968 | Depths:1 | Found Joshivao's Gadget Shoppe.
 50969 | Depths:1 | Found Teitum's Jewellery Shop.
 51872 | Depths:2 | Received a gift from Okawaru
 52163 | Depths:2 | Found a one-way gate leading to the halls of Pandemonium.
 52202 | Depths:2 | Reached XP level 23. HP: 197/203 MP: 30/30
 52729 | Depths:2 | Noticed Bai Suzhen
 52754 | Depths:2 | Killed Bai Suzhen
 52763 | Depths:2 | Received a gift from Okawaru
 52767 | Depths:2 | Noticed Aizul
 52783 | Depths:2 | Killed Aizul
 52850 | Depths:2 | Reached skill level 15 in Dodging
 53194 | Depths:2 | Got a warped fustibalus
 53199 | Depths:2 | Identified the cursed +1 fustibalus of Nigrin {freeze, rF+ rN+ MR-} (You found it on level 2 of the Depths)
 53243 | Depths:3 | Found an iron altar of Okawaru.
 53594 | Depths:3 | Noticed Boris
 53611 | Depths:3 | Received a gift from Okawaru
 53617 | Depths:3 | Killed Boris
 53683 | Depths:3 | Found a gateway to a ziggurat.
 53729 | Depths:3 | Noticed Xtahua
 53739 | Depths:3 | Killed Xtahua
 53747 | Depths:3 | Reached XP level 24. HP: 214/214 MP: 30/30
 54401 | Depths:3 | Reached XP level 25. HP: 221/221 MP: 30/30
 54945 | Vaults:1 | You paid a toll of a +8 demon trident to enter a treasure trove
 54946 | Trove    | Entered a treasure trove
 55493 | Depths:4 | Found a one-way gate to the infinite horrors of the Abyss.
 55530 | Depths:4 | Noticed a caustic shrike
 55530 | Depths:4 | Noticed a caustic shrike
 55530 | Depths:4 | Noticed a caustic shrike
 55531 | Depths:4 | Noticed a caustic shrike
 55551 | Depths:4 | Killed a caustic shrike
 55560 | Depths:4 | Killed a caustic shrike
 55566 | Depths:4 | Killed a caustic shrike
 55579 | Depths:4 | Killed a caustic shrike
 55671 | Depths:4 | Noticed Sojobo
 55694 | Depths:4 | Killed Sojobo
 55694 | Depths:4 | Received a gift from Okawaru
 55793 | Depths:4 | Found a white marble altar of Elyvilon.
 55794 | Depths:4 | Found a white marble altar of Elyvilon.
 55794 | Depths:4 | Found a stormy altar of Qazlal.
 56023 | Depths:4 | Noticed Saint Roka
 56065 | Depths:4 | Killed Saint Roka
 56112 | Depths:4 | Reached XP level 26. HP: 163/231 MP: 30/30
 56512 | Depths:4 | Received a gift from Okawaru
 56518 | Depths:4 | Got a faintly glowing battleaxe {god gift}
 56533 | Depths:4 | Identified the +8 battleaxe "Guiwehig" {drain, +Rage rF- Str+7 Int+4} (Okawaru gifted it to you on level 4 of the Depths)
 56695 | Depths:4 | Noticed a juggernaut
 56719 | Depths:4 | Killed a juggernaut
 57117 | Depths:5 | Entered Level 5 of the Depths
 57743 | Depths:5 | Received a gift from Okawaru
 57754 | Depths:5 | Noticed a juggernaut
 57772 | Depths:5 | Killed a juggernaut
 57838 | Depths:5 | Found a gate to the Realm of Zot.
 58149 | Depths:5 | Reached XP level 27. HP: 240/240 MP: 30/30
 58150 | Depths:5 | Received a gift from Okawaru
 58153 | Depths:5 | Got a slimy large shield {god gift}
 58169 | Depths:5 | Identified the +5 large shield "Wedyv" {SInv} (Okawaru gifted it to you on level 5 of the Depths)
 59274 | Elf:1    | Entered Level 1 of the Elven Halls
 59438 | Elf:1    | Found Bosm's Armour Shoppe.
 60120 | Elf:2    | Found a huge runed gate.
 60120 | Elf:2    | Found a huge runed gate.
 60120 | Elf:2    | Found a huge runed gate.
 60120 | Elf:2    | Found a huge runed gate.
 60126 | Elf:2    | Found a huge runed gate.
 60675 | Elf:3    | Entered Level 3 of the Elven Halls
 61019 | Elf:3    | Found Waaph's Food Shoppe.
 61123 | Elf:3    | Found Vaam's Assorted Antiques.
 61657 | Elf:3    | Received a gift from Okawaru
 62110 | Elf:3    | Received a gift from Okawaru
 62164 | Elf:3    | Got a shimmering lapis lazuli ring
 62315 | Elf:3    | Got a translucent glass ring
 62351 | Elf:3    | Got a brightly glowing arbalest
 62356 | Elf:3    | Identified the cursed ring of Pacaosio {-Tele rPois Str+3 Dex+6 Slay-4} (You took it off a deep elf demonologist on level 3 of the Elven Halls)
 62360 | Elf:3    | Identified the ring of Peace {MP+9 Int+6 Dex+3} (You took it off a deep elf mage on level 3 of the Elven Halls)
 62433 | Elf:3    | Got an encrusted arbalest
 62467 | Elf:3    | Got a scorched hand crossbow
 62482 | Elf:3    | Found the opalescent robe
 62500 | Elf:3    | Identified the Catalogue of the Enthralling Volcanoes
 62535 | Elf:3    | Identified the +3 arbalest of Amorality {elec, *Slow +Blink rPois rC+} (You found it on level 3 of the Elven Halls)
 62538 | Elf:3    | Identified the cursed +3 arbalest of Leagrain {freeze, MP+9 Str-5 Int+3 Dex+2} (You found it on level 3 of the Elven Halls)
 62541 | Elf:3    | Identified the +2 hand crossbow of Autumn {freeze, rPois rF+ rN+ Str-5 SInv} (You found it on level 3 of the Elven Halls)
 62550 | Elf:3    | Got a sparkling platinum amulet
 62556 | Elf:3    | Identified the amulet of Toywkagh {Faith rN+ Int+3} (You found it on level 3 of the Elven Halls)
 62758 | Elf:3    | Bought a potion of might for 100 gold pieces
 62758 | Elf:3    | Bought a scroll of identify for 50 gold pieces
 62758 | Elf:3    | Bought a scroll of magic mapping for 87 gold pieces
 63239 | Vaults:4 | Got a steaming glass ring
 63245 | Vaults:4 | Identified the ring of Incredulity {*Corrode rF+ MP+9 Int+7 SInv} (You acquired it on level 4 of the Vaults)
 63276 | Vaults:5 | Entered Level 5 of the Vaults
 63639 | Vaults:5 | Received a gift from Okawaru
 63697 | Vaults:5 | Reached skill level 27 in Fighting
 63764 | Vaults:5 | Identified a +2 pair of boots of running (Okawaru gifted it to you on level 5 of the Vaults)
 63930 | Vaults:5 | Received a gift from Okawaru
 64543 | Vaults:5 | Identified Roxanne's Almanac of Shifting Clay
 64711 | Vaults:5 | Got a silver rune of Zot
 64771 | Vaults:5 | Got a slimy ivory ring
 64944 | Vaults:5 | Got a faintly glowing steel ring
 65187 | Vaults:5 | Got a blackened plate armour
 65222 | Vaults:5 | Identified the cursed +1 plate armour of Muigig {rN++ Int-4} (You took it off a vault warden on level 5 of the Vaults)
 65246 | Vaults:5 | Got a heavily runed large shield
 65261 | Vaults:5 | Identified the cursed +0 large shield of Midsummer {Int+9 Dex+3} (You took it off an ogre mage on level 5 of the Vaults)
 65816 | Zot:1    | Entered Level 1 of the Realm of Zot
 65827 | Zot:1    | Identified the ring "Voqukerizxo" {rCorr Int+4 Dex-3 SInv Stlth+} (You took it off an ogre mage on level 5 of the Vaults)
 65829 | Zot:1    | Identified the ring "Roplaj" {+Blink rPois rF+ rC+ Str+4} (You took it off a tengu reaver on level 5 of the Vaults)
 66125 | Zot:1    | Received a gift from Okawaru
 66876 | Zot:2    | Received a gift from Okawaru
 67281 | Zot:2    | Noticed an orb of fire
 67304 | Zot:2    | Gained mutation: Your body sometimes deteriorates upon taking damage. [an orb of fire]
 67316 | Zot:2    | Gained mutation: You expend magic power (3 MP) to strengthen your wands. [an orb of fire]
 67319 | Zot:2    | Killed an orb of fire
 67413 | Zot:2    | Found a runed door.
 67421 | Zot:2    | Noticed an orb of fire
 67427 | Zot:2    | Gained mutation: You are weak. (Str -2) [an orb of fire]
 67430 | Zot:2    | Killed an orb of fire
 68875 | Zot:3    | Received a gift from Okawaru
 70232 | Zot:4    | Reached skill level 27 in Armour
 70244 | Zot:4    | Received a gift from Okawaru
 70808 | Zot:5    | Entered Level 5 of the Realm of Zot
 71301 | Zot:5    | Noticed an ancient lich
 71313 | Zot:5    | Killed an ancient lich
 71401 | Zot:5    | Noticed an ancient lich
 71402 | Zot:5    | Noticed an ancient lich
 71416 | Zot:5    | Killed an ancient lich
 71421 | Zot:5    | Killed an ancient lich
 71480 | Zot:5    | Noticed an ancient lich
 71484 | Zot:5    | Killed an ancient lich
 71484 | Zot:5    | Received a gift from Okawaru
 71585 | Zot:5    | Noticed an ancient lich
 71591 | Zot:5    | Killed an ancient lich
 71785 | Zot:5    | Noticed an ancient lich
 71795 | Zot:5    | Killed an ancient lich
 74766 | Zot:5    | Noticed an orb of fire
 74782 | Zot:5    | Gained mutation: Armour fits poorly on your strangely shaped body. [an orb of fire]
 74785 | Zot:5    | Killed an orb of fire
 75024 | Zot:5    | Received a gift from Okawaru
 75645 | Zot:5    | Noticed an orb of fire
 75649 | Zot:5    | Gained mutation: Your mind is acute. (Int +2) [an orb of fire]
 75666 | Zot:5    | Killed an orb of fire
 76673 | Zot:2    | Lost mutation: Your body sometimes deteriorates upon taking damage. [potion of mutation]
 76673 | Zot:2    | Lost mutation: You are weak. (Str -2) [potion of mutation]
 76673 | Zot:2    | Lost mutation: Armour fits poorly on your strangely shaped body. [potion of mutation]
 76673 | Zot:2    | Lost mutation: Your mind is acute. (Int +2) [potion of mutation]
 76673 | Zot:2    | Gained mutation: You are agile. (Dex +2) [potion of mutation]
 76673 | Zot:2    | Lost mutation: You are agile. (Dex +2) [potion of mutation]
 76673 | Zot:2    | Gained mutation: Your muscles are strong. (Str +2) [potion of mutation]
 76775 | Zot:5    | Got the Orb of Zot
 76794 | Zot:5    | Noticed Xihos the pandemonium lord
 76796 | Zot:5    | Noticed Bopid the pandemonium lord
 76850 | Zot:5    | Killed Xihos the pandemonium lord
 76887 | Zot:5    | Noticed Geoxzyoc the pandemonium lord
 77463 | Depths:5 | Noticed Ogahyso the pandemonium lord
 77879 | D:$      | Escaped with the Orb!

Skill      XL: |  1  2  3  4  5  6  7  8  9 10 11 12 13 14 15 16 17 18 19 20 21 22 23 24 25 26 27 |
---------------+----------------------------------------------------------------------------------+-----
Shields        | 4 5 6 7 8 9 12 14 15 | 15.0
Axes           | 3 4 5 6 8 9 11 12 13 15 | 15.0
Armour         | 4 5 6 7 9 10 11 12 14 16 17 18 19 20 21 22 27 | 27.0
Fighting       | 4 5 6 7 9 10 11 12 14 15 17 18 19 20 21 22 23 24 27 | 27.0
Invocations    | 2 4 6 7 9 10 | 10.0
Stealth        | 2 4 |  4.0
Dodging        | 3 5 7 9 10 12 13 14 15 16 17 25 | 25.6
Summonings     | 2 |  2.1

Action                   |  1- 3 |  4- 6 |  7- 9 | 10-12 | 13-15 | 16-18 | 19-21 | 22-24 | 25-27 || total
-------------------------+-------+-------+-------+-------+-------+-------+-------+-------+-------++-------
Melee: War axe           |    92 |   193 |   336 |   811 |    12 |       |       |       |       ||  1444
       Dire flail        |       |       |       |    15 |    81 |       |       |       |       ||    96
       Longbow           |       |       |       |     5 |       |       |       |       |       ||     5
       Battleaxe         |       |       |       |       |   894 |  1589 |  1107 |   833 |  2817 ||  7240
 Fire: Hunting sling     |       |       |    10 |    31 |       |       |       |       |       ||    41
       Longbow           |       |       |       |    13 |       |       |       |       |       ||    13
       Blowgun           |       |       |       |       |    52 |    15 |       |       |       ||    67
       Fustibalus        |       |       |       |       |    12 |       |       |     4 |       ||    16
Throw: Stone             |       |       |       |     1 |       |       |       |       |       ||     1
Invok: Heroism           |       |       |    11 |    19 |    17 |    10 |     9 |     4 |    30 ||   100
       Finesse           |       |       |       |     4 |     3 |     5 |     2 |       |    16 ||    30
 Abil: Dig               |       |     2 |     3 |     3 |     4 |     6 |     1 |     1 |    14 ||    34
Evoke: Wand              |       |       |       |     4 |     8 |     1 |       |     2 |     1 ||    16
  Use: Potion            |       |     2 |       |     3 |       |     2 |       |     1 |    18 ||    26
       Scroll            |       |       |     7 |    11 |    13 |    17 |     7 |     1 |    36 ||    92
 Stab: Distracted        |       |       |       |       |       |     1 |       |       |     3 ||     4
       Confused          |       |       |       |       |       |       |       |       |     1 ||     1
  Eat: Chunk             |     2 |     7 |    13 |    19 |    11 |    26 |    10 |    11 |     9 ||   108
       Ration            |       |     1 |       |     7 |     8 |     7 |     4 |     3 |    24 ||    54
Armor: Scale mail        |    52 |    45 |       |       |       |       |       |       |       ||    97
       Chain mail        |       |    69 |   140 |    43 |       |       |       |       |       ||   252
       Plate armour      |       |       |       |   374 |   409 |   547 |       |       |       ||  1330
       Crystal plate arm |       |       |       |       |       |    10 |   243 |   268 |   845 ||  1366
Dodge: Dodged            |    37 |    54 |    83 |   202 |   251 |   392 |   170 |   219 |   730 ||  2138
Block: Shield            |    60 |   108 |   163 |   473 |   484 |       |       |       |       ||  1288
       Large shield      |       |       |       |       |   544 |  2226 |  1403 |  1288 |  3720 ||  9181
       Reflection        |       |       |       |       |     2 |    34 |    93 |    90 |   157 ||   376
